 Dungeon Crawl Stone Soup version 0.17-a0-1984-g55f5988 (webtiles) character file.

88410 Kusio the Shatterer (level 15, -19/167 HPs)
             Began as an Ogre Berserker on Oct 4, 2015.
             Was a High Priest of Trog.
             Shot with a bolt by an orc warrior (24 damage)
             ... on level 4 of the Orcish Mines on Oct 6, 2015.
             The game lasted 01:42:37 (29146 turns).

Kusio the Shatterer (Ogre Berserker)               Turns: 29146, Time: 01:42:37

Health: -19/167    AC: 11    Str: 29    XL:     15   Next: 93%
Magic:  0/15       EV: 13    Int:  2    God:    Trog [*****.]
Gold:   2337       SH:  0    Dex: 11    Spells: 0 memorised, 14 levels left

rFire  . . .     SeeInvis .     L - +2 great mace of Efaneidi {crush, rElec MR+}
rCold  . . .     Clarity  +     V - +2 robe
rNeg   . . .     SustAt   .     (no shield)
rPois  .         Gourm    .     b - +2 hat
rElec  +         Spirit   +     d - +2 cloak
rCorr  .         Warding  .     (gloves unavailable)
rMut   .         Stasis   .     (boots unavailable)
MR     +++++                    t - amulet of guardian spirit
Stlth  +.........               Y - ring of protection from magic
                                u - ring of protection from magic

@: almost entirely resistant to hostile enchantments, very unstealthy
A: unfitting armour, horns 1, icy blue scales 1, blink, breathe flames 1,
clarity, clumsy 1, dopey 2, magic resistance 1, strong 1, tough skin 1, no
device heal 1
a: Blink, Burn Spellbooks, Berserk, Trog's Hand, Brothers in Arms, Renounce
Religion, Breathe Fire


You were on level 4 of the Orcish Mines.
You worshipped Trog.
Trog was extremely pleased with you.
You were not hungry.

You visited 3 branches of the dungeon, and saw 25 of its levels.
You visited 1 bazaar.
You also visited: Bailey, Ice Cave and Volcano.

You collected 2582 gold pieces.
You spent 245 gold pieces at shops.

Inventory:

Hand Weapons
 s - a +0 blowgun
 B - the +6 flail of Optimality {elec, Int+4}
   (You found it on level 8 of the Lair of Beasts)

   Occasionally, upon striking a foe, it will discharge some electrical energy
   and cause terrible harm.
   It affects your intelligence (+4).
 L - the +2 great mace of Efaneidi (weapon) {crush, rElec MR+}
   (Trog gifted it to you on level 12 of the Dungeon)

   It inflicts extra damage upon your enemies.
   It insulates you from electricity.
   It affects your resistance to hostile enchantments.
Missiles
 F - 5 curare-tipped needles
 N - 13 javelins of penetration (quivered)
Armour
 b - a +2 hat (worn)
 d - a +2 cloak (worn)
 r - a +2 shield
 V - a +2 robe (worn)
Jewellery
 t - an amulet of guardian spirit (around neck)
 u - a ring of protection from magic (left hand)
 Y - a ring of protection from magic (right hand)
Wands
 O - a wand of disintegration (11)
Scrolls
 f - 16 scrolls of remove curse
 h - 2 scrolls of enchant armour
 i - a scroll of identify
 l - 6 scrolls of recharging
 n - a scroll of fear
 w - a scroll of enchant weapon
 C - a scroll of holy word
 E - a scroll of silence
 K - a scroll of fog
Potions
 e - 4 potions of might
 g - 4 potions of curing
 j - a potion of flight
 A - 5 potions of agility
 G - a potion of brilliance
 H - a potion of lignification
 S - 4 potions of resistance
 Z - 2 potions of cancellation
Comestibles
 a - 4 fruits
 c - 9 bread rations
 p - 2 chunks of flesh


   Skills:
 + Level 15.3 Fighting
 + Level 25.8 Maces & Flails
 - Level 8.2 Throwing
 - Level 8.1 Dodging


You had 14 spell levels left.
You didn't know any spells.

Dungeon Overview and Level Annotations

Branches:
Dungeon (13/15)            Temple (0/1) D:4            Lair (8/8) D:8
  Swamp (0/4) Lair:5        Snake (0/4) Lair:4        Slime (0/6) Lair:6
    Orc (4/4) D:10            Elf (0/3) Orc:3
 Vaults: D:13-14

Altars:
Ashenzari
Dithmenos
Elyvilon
Makhleb
Okawaru
Qazlal
Sif Muna
Yredelemnul
The Shining One
Beogh
Jiyva

Shops:
D:6 !   D:11 (

Annotations:
Lair:6 1 runed door


Innate Abilities, Weirdness & Mutations

You are too large for most types of armour.
You have tough skin (AC +1).
You have a pair of small horns on your head.
You are partially covered in icy blue scales (AC +1).
You can translocate small distances at will.
You can breathe flames.
You possess an exceptional clarity of mind.
You are clumsy. (Dex -2)
You are very dopey. (Int -4)
You are resistant to hostile enchantments.
Your muscles are strong. (Str +2)
Potions and wands are less effective at restoring your health.


Message History

The orc moves out of view.
Drink which item? (? for menu, Esc to quit)
You feel better.
An orc comes into view. It is wielding a mace.
There are no items here.
Throwing (i - inventory):
N - 14 javelins of penetration (quivered)
Press: ? - help, Shift-Dir - straight line, f - orc priest
Aim: an orc priest, wearing a leather armour You throw a javelin of penetration.
The orc shouts!
The javelin of penetration pierces through the orc priest.
The orc priest is moderately wounded.
The orc priest mumbles some strange prayers to Beogh against you.
Something smites you!
* * * LOW HITPOINT WARNING * * *
The orc shouts!
Drink which item? (? for menu, Esc to quit)
You feel better.
The orc throws a tomahawk.
The tomahawk barely misses you.
The orc warrior shoots a bolt.
The bolt hits you!!
You die...

#..#.......(..≈≈≈#
#......o....≈≈≈≈##
#..#..)...≈≈≈≈### ##
#..#.....≈≈≈≈## ##.#####
#...........).. #....#.#
#(...).....(.... ##......
#..#.....≈≈≈≈####
#....#.###..#......≈≈≈≈#
#.......#@.o.o......≈≈≈
#...#....).#.o........
#...##.#.)##..o..o(..
#........).##..##oo##
###.......#......(.....
###.........§..)o(.o.....
###.....)...§...).)########
###.......#.§....)..))## ###
#............§.....§.#(###.##


You could see an orc warrior, an orc priest and 4 orcs.

Vanquished Creatures
  Rupert (Lair:6)
  Gastronok (D:11)
  Maud (Lair:8)
  Nessos (Lair:5)
  Josephine (D:12)
  Erolcha (D:12)
  3 catoblepae (Lair:8)
  5 hydras
  A tengu warrior (D:13)
  Erica (D:8)
  16 death yaks (Lair:8)
  2 orc high priests
  Urug (D:12)
  Sonja (Lair:4)
  Nergalle (Lair:4)
  6 hill giants
  3 ice statues (IceCv)
  A lindwurm (Volcano)
  An orc knight (Orc:3)
  2 griffons
  A manticore (D:11)
  2 toenail golems (Volcano)
  2 oklob plants (Lair:5)
  21 elephants
  Joseph (D:9)
  A molten gargoyle (Volcano)
  A gargoyle (Volcano)
  5 spiny frogs
  3 black mambas
  2 centaur skeletons
  10 komodo dragons
  3 fire drakes
  The ghost of Hanibal the Firebug, an experienced DEFE (D:5)
  6 trolls
  2 slime creatures (D:12)
  30 blink frogs
  62 yaks
  2 deep elf magi
  A wyvern (Lair:8)
  4 hungry ghosts
  2 steam dragons (D:8)
  3 hippogriffs
  4 wraiths (D:12)
  2 humans (D:10)
  2 wargs (Orc:3)
  4 basilisks
  8 wolves
  A fire elemental (Volcano)
  18 water moccasins
  3 nagas (Lair:4)
  A phantom (D:10)
  5 black bears
  5 sky beasts
  16 ice beasts
  24 orc warriors
  2 eyes of draining
  10 porcupines
  A necrophage (D:10)
  4 ogres
  17 crocodiles
  4 big kobolds
  13 centaurs
  25 giant frogs
  A brain worm (D:12)
  2 water moccasin zombies
  10 scorpions
  A wight (D:9)
  A centaur zombie (D:9)
  A giant frog zombie (D:6)
  4 electric eels
  7 crimson imps
  20 orc priests
  3 giant frog skeletons
  8 hounds
  5 iguanas
  21 orc wizards
  A quasit (D:9)
  21 sheep
  10 worker ants
  A hound skeleton (D:3)
  A worker ant zombie (D:5)
  13 gnolls (Bailey)
  15 adders
  34 river rats
  4 white imps (D:11)
  3 shadow imps
  An ooze (D:2)
  2 worms (D:3)
  An adder skeleton (D:8)
  8 giant geckos
  124 orcs
  6 giant cockroaches
  15 hobgoblins
  4 jackals (D:3)
  3 quokkas
  4 ball pythons
  13 bats
  5 giant newts
  13 goblins
  32 kobolds
  A quokka skeleton (D:4)
  12 rats
  A bush (Lair:8)
  A fire vortex (Volcano)
  2 fungi
  4 plants
823 creatures vanquished.

Vanquished Creatures (collateral kills)
  A hydra (D:11)
  A death yak (Lair:8)
  A yak (Lair:8)
  2 sheep (Lair:8)
5 creatures vanquished.

Vanquished Creatures (others)
  2 wolves (Lair:8)
  4 orc warriors (Orc:4)
  An orc priest (Orc:4)
  8 orcs (Orc:4)
  10 bushes
  A fire vortex (Volcano)
  22 fungi
  98 plants
146 creatures vanquished.

Grand Total: 974 creatures vanquished

Notes
Turn   | Place    | Note
--------------------------------------------------------------
     0 | D:1      | Kusio the Ogre Berserker began the quest for the Orb.
     0 | D:1      | Reached XP level 1. HP: 24/24 MP: 1/1
   168 | D:1      | Reached XP level 2. HP: 32/32 MP: 2/2
   230 | D:1      | Reached skill level 5 in Maces & Flails
   685 | D:2      | Reached XP level 3. HP: 39/39 MP: 3/3
   687 | D:2      | Acquired Trog's second power
   849 | D:2      | Reached skill level 6 in Maces & Flails
   890 | D:2      | Found a shattered altar of Ashenzari.
  1246 | D:2      | Reached XP level 4. HP: 30/48 MP: 2/4
  1360 | D:3      | Reached skill level 7 in Maces & Flails
  1360 | D:3      | Reached XP level 5. HP: 42/54 MP: 5/5
  1533 | D:3      | Found a burning altar of Makhleb.
  1667 | D:3      | Found a glowing golden altar of the Shining One.
  1796 | D:3      | Reached skill level 8 in Maces & Flails
  1889 | D:3      | Reached XP level 6. HP: 55/62 MP: 6/6
  2096 | D:3      | Found a basalt altar of Yredelemnul.
  2429 | D:4      | Found a staircase to the Ecumenical Temple.
  2443 | D:4      | Reached skill level 9 in Maces & Flails
  2826 | D:4      | Reached skill level 10 in Maces & Flails
  2826 | D:4      | Reached XP level 7. HP: 70/70 MP: 4/7
  2986 | D:4      | Acquired Trog's third power
  3323 | D:4      | Reached skill level 11 in Maces & Flails
  3587 | D:4      | Found a deep blue altar of Sif Muna.
  3748 | D:5      | Entered Level 5 of the Dungeon
  3992 | D:5      | Noticed Hanibal's ghost (experienced DEFE)
  4010 | D:5      | Killed Hanibal's ghost
  4010 | D:5      | Reached skill level 12 in Maces & Flails
  4010 | D:5      | Reached XP level 8. HP: 43/78 MP: 8/8
  4280 | D:5      | Found a stormy altar of Qazlal.
  4282 | D:5      | Noticed an air elemental
  4283 | D:5      | Noticed a fire elemental
  4283 | D:5      | Noticed a water elemental
  4391 | D:5      | Received a gift from Trog
  4416 | D:5      | Reached skill level 13 in Maces & Flails
  4648 | D:5      | Found a shadowy altar of Dithmenos.
  5094 | D:6      | Reached skill level 14 in Maces & Flails
  5166 | D:6      | Reached XP level 9. HP: 74/84 MP: 9/9
  5614 | D:6      | Found Huyceh's Distillery.
  5622 | D:6      | Bought a potion of agility for 56 gold pieces
  5622 | D:6      | Bought a potion of resistance for 140 gold pieces
  5622 | D:6      | Bought a potion of degeneration for 14 gold pieces
  5622 | D:6      | Bought a potion of mutation for 35 gold pieces
  5622 | D:6      | Gained mutation: You are dopey. (Int -2) [potion of mutation]
  5622 | D:6      | Gained mutation: Potions and wands are less effective at restoring your health. [potion of mutation]
  5623 | D:6      | Gained mutation: You have a pair of small horns on your head. [potion of mutation]
  5623 | D:6      | Gained mutation: You are very dopey. (Int -4) [potion of mutation]
  5624 | D:6      | Gained mutation: You can translocate small distances at will. [potion of mutation]
  5624 | D:6      | Gained mutation: You can breathe flames. [potion of mutation]
  5624 | D:6      | Gained mutation: You are clumsy. (Dex -2) [potion of mutation]
  5626 | D:6      | Reached XP level 10. HP: 92/92 MP: 10/10
  5755 | D:7      | Found a flagged portal.
  5778 | Bailey   | Entered a bailey
  5795 | Bailey   | Received a gift from Trog
  6111 | Bailey   | Gained mutation: You are resistant to hostile enchantments. [potion of beneficial mutation]
  6112 | Bailey   | Gained mutation: You possess an exceptional clarity of mind. [potion of beneficial mutation]
  6303 | Bailey   | Reached skill level 15 in Maces & Flails
  7509 | D:8      | Received a gift from Trog
  7774 | D:8      | Reached skill level 16 in Maces & Flails
  7803 | D:8      | HP: 4/92 [something (5)]
  8002 | D:8      | Found a staircase to the Lair.
  8048 | D:8      | Noticed Erica
  8060 | D:8      | Killed Erica
  8060 | D:8      | Reached XP level 11. HP: 100/100 MP: 11/11
  8121 | D:8      | Received a gift from Trog
  8326 | D:8      | Found a white marble altar of Elyvilon.
  8421 | D:8      | Reached skill level 17 in Maces & Flails
  8654 | D:9      | Received a gift from Trog
  9053 | D:9      | Received a gift from Trog
  9153 | D:9      | Reached skill level 18 in Maces & Flails
  9811 | D:9      | Noticed Joseph
  9826 | D:9      | Killed Joseph
 10232 | D:10     | Entered Level 10 of the Dungeon
 10283 | D:10     | Noticed a hill giant
 10291 | D:10     | Killed a hill giant
 10291 | D:10     | Reached skill level 19 in Maces & Flails
 10410 | D:10     | Found a white marble altar of Elyvilon.
 10434 | D:10     | Reached XP level 12. HP: 103/107 MP: 12/12
 10454 | D:10     | Received a gift from Trog
 10598 | D:10     | Found a staircase to the Orcish Mines.
 10939 | D:10     | Found an iron altar of Okawaru.
 11331 | D:11     | Found Ryom's Antique Weapon Emporium.
 11373 | D:11     | Received a gift from Trog
 11379 | D:11     | Reached skill level 20 in Maces & Flails
 11407 | D:11     | Gained mutation: You are partially covered in icy blue scales (AC +1). [potion of mutation]
 11407 | D:11     | Gained mutation: Your muscles are strong. (Str +2) [potion of mutation]
 11922 | D:11     | Received a gift from Trog
 11923 | D:11     | Got a translucent mace {god gift}
 11924 | D:11     | Identified the +3 mace of the Wilderness {flame, Str+4 Int+7} (Trog gifted it to you on level 11 of the Dungeon)
 12118 | D:11     | Noticed an eight-headed hydra
 12166 | D:11     | Killed an eight-headed hydra
 12759 | D:11     | Noticed Gastronok
 12784 | D:11     | Killed Gastronok
 12784 | D:11     | Reached skill level 21 in Maces & Flails
 13257 | D:12     | Noticed Erolcha
 13266 | D:12     | Killed Erolcha
 13294 | D:12     | Noticed Urug
 13309 | D:12     | Killed Urug
 13309 | D:12     | Reached XP level 13. HP: 83/114 MP: 13/13
 13601 | D:12     | Reached skill level 22 in Maces & Flails
 13761 | D:12     | Received a gift from Trog
 13775 | D:12     | Got a steaming great mace {god gift}
 13776 | D:12     | Identified the +2 great mace of Efaneidi {crush, rElec MR+} (Trog gifted it to you on level 12 of the Dungeon)
 14106 | D:12     | Noticed Josephine
 14114 | D:12     | Killed Josephine
 15089 | Lair:1   | Entered Level 1 of the Lair of Beasts
 15745 | Lair:1   | Reached skill level 5 in Fighting
 15759 | Lair:1   | Received a gift from Trog
 15759 | Lair:1   | Reached skill level 23 in Maces & Flails
 16868 | Lair:3   | Found a dark tunnel.
 16874 | Volcano  | Entered a volcano
 17913 | Lair:4   | Noticed Nergalle
 17930 | Lair:3   | Received a gift from Trog
 18080 | Lair:4   | Reached XP level 14. HP: 70/137 MP: 8/14
 18155 | Lair:4   | Found a staircase to the Snake Pit.
 18176 | Lair:4   | Noticed Sonja
 18185 | Lair:4   | Killed Sonja
 18247 | Lair:4   | Killed Nergalle
 18408 | Lair:4   | Received a gift from Trog
 19344 | Lair:5   | Received a gift from Trog
 19482 | Lair:5   | Reached skill level 10 in Fighting
 19771 | Lair:5   | Noticed Nessos
 19791 | Lair:5   | Killed Nessos
 19791 | Lair:5   | Reached skill level 24 in Maces & Flails
 20205 | Lair:5   | Found a staircase to the Swamp.
 20446 | Lair:6   | Noticed Rupert
 20464 | Lair:6   | Killed Rupert
 20607 | Lair:6   | Received a gift from Trog
 20685 | Lair:6   | Found a runed door.
 20685 | Lair:6   | Found a viscous altar of Jiyva.
 20685 | Lair:6   | Found a staircase to the Slime Pits.
 21970 | Lair:8   | Entered Level 8 of the Lair of Beasts
 21990 | Lair:8   | Found a frozen archway.
 21999 | Lair:8   | Received a gift from Trog
 22080 | Lair:8   | Identified Umuomeh's Incunabulum of Attacks and Displacement
 22086 | IceCv    | Entered an ice cave
 23596 | Lair:8   | Reached XP level 15. HP: 158/158 MP: 15/15
 23625 | Lair:8   | Received a gift from Trog
 23913 | Lair:8   | Reached skill level 25 in Maces & Flails
 24687 | Lair:8   | Received a gift from Trog
 24848 | Lair:8   | Noticed Maud
 24905 | Lair:8   | Killed Maud
 25332 | Lair:8   | Received a gift from Trog
 26168 | Lair:8   | Got a fine flail
 26169 | Lair:8   | Identified the +6 flail of Optimality {elec, Int+4} (You found it on level 8 of the Lair of Beasts)
 26664 | Lair:1   | Upgraded the game from 0.17-a0-1954-g0dddeaa to 0.17-a0-1976-g482a304
 26664 | Lair:1   | Upgraded the game from 0.17-a0-1976-g482a304 to 0.17-a0-1984-g55f5988
 26803 | Orc:1    | Entered Level 1 of the Orcish Mines
 26887 | Orc:2    | Received a gift from Trog
 27127 | Orc:3    | Found a staircase to the Elven Halls.
 27151 | Orc:3    | Reached skill level 15 in Fighting
 27724 | Orc:3    | Received a gift from Trog
 27888 | Orc:3    | Found a roughly hewn altar of Beogh.
 27977 | Orc:4    | Entered Level 4 of the Orcish Mines
 28127 | Orc:4    | Found a flickering gateway to a bazaar.
 28177 | Bazaar   | Entered a bazaar
 28535 | Bazaar   | Found Wopyimn's Gadget Boutique.
 28545 | Bazaar   | Found Kowak's Weapon Shop.
 28574 | Bazaar   | Found Egexto's Gadget Emporium.
 28594 | Bazaar   | Found Moush's Weapon Boutique.
 28604 | Bazaar   | Found Cosor's Food Shop.
 29140 | Orc:4    | HP: 6/167 [orc priest/divine providence (11)]
 29145 | Orc:4    | HP: 1/167 [orc priest/divine providence (11)]
 29146 | Orc:4    | Shot with a bolt by an orc warrior

Vault maps used:
D:1:      dpeg_arrival_lava_altar, minmay_quantized
D:2:      ashenzari_altar_1
D:3:      old_standard_altar, lemuel_crystal_altar,
          nicolae_overflow_hidden_temple
D:4:      old_forge, minmay_temple_entry_grid, first_bread, grunt_ministairs_11,
          led_sif_book
D:5:      kennysheep_mini_moat, nicolae_qazlal_style_of_elements
D:6:      black_bear_nest_2, serial_shops, shop
D:7:      enter_bailey_3
D:8:      kennysheep_steamy, kennysheep_mini, minmay_lair_entry_grove,
          uniq_erica
D:9:      minmay_distorted_concentric_squares, uniq_joseph
D:10:     basic_altar, blue_anna_alchemist, okawaru_humans
D:11:     serial_shops, nicolae_shop_behind_doors, minmay_misc_feat_five,
          minmay_nine_imps, uniq_gastronok
D:12:     serial_glass, glass_columns_c, glass_columns_c,
          hangedman_decor_slide_cut, kennysheep_big_empty_room, minivault_5,
          wad_floor_pattern_untrapped, minmay_stone_trees_small,
          minmay_misc_feat_pillars, uniq_josephine, uniq_erolcha, uniq_urug
D:13:     minmay_misc_feat_more_columns, uniq_kirke
Lair:1:   nicolae_quartered_pool_little, grunt_forest_small_clearing_treed
Lair:2:   lemuel_fruit_tree, serial_bayou_shore_a
Lair:3:   nicolae_volcano_entry_s_turn
Lair:4:   minmay_snake_entry_guardpost_small, lemuel_fruit_fields,
          uniq_nergalle, uniq_sonja
Lair:5:   minmay_lair_oklob_chamber, swamp_mist_pool, serial_bayou_shore_b,
          uniq_nessos
Lair:6:   slime_altar_2, uniq_rupert
Lair:7:   serial_bayou_lake_a, infiniplex_staircase_pool_2, grunt_megastairs_4
Lair:8:   evilmike_catoblepas_cave, portal_ice_cave_entry_ice_beasts,
          serial_forest, infiniplex_forest_clump_large,
          infiniplex_forest_end_double, infiniplex_forest_end_2,
          infiniplex_forest_straight_4, infiniplex_forest_clump_curved,
          infiniplex_forest_clump_long, uniq_maud
Orc:1:    serial_shops, shop, nicolae_shop_statue_plus,
          nicolae_shop_behind_doors, shop, shop, guppyfry_library_mini
Orc:2:    serial_shops, shop
Orc:3:    nicolae_orc_pool_cavern, minmay_orc_temple_c
Orc:4:    st_orc_rangers, serial_shops, freezing_bzr
Bazaar:   bazaar_jpeg_ninerooms_2
Bailey:   bailey_axe_2, bailey
IceCv:    ice_cave_statue_garden_02
Volcano:  volcano_aerie

Action                   |  1- 3 |  4- 6 |  7- 9 | 10-12 | 13-15 || total
-------------------------+-------+-------+-------+-------+-------++-------
Melee: Mace              |    93 |   125 |   249 |   112 |       ||   579
       Giant club        |       |       |       |   484 |    35 ||   519
       Great mace        |       |       |       |       |  1058 ||  1058
       Flail             |       |       |       |       |    13 ||    13
 Fire: Blowgun           |       |       |       |       |    16 ||    16
Throw: Javelin           |       |       |     1 |    57 |    83 ||   141
       Tomahawk          |       |       |       |     3 |       ||     3
       Large rock        |       |       |       |       |    49 ||    49
Invok: Berserk           |     1 |     3 |     2 |     9 |    10 ||    25
       Burn Spellbooks   |       |       |     1 |     1 |       ||     2
       Brothers in Arms  |       |       |       |     1 |     2 ||     3
 Abil: Blink             |       |       |       |       |     3 ||     3
       Breathe Fire      |       |       |       |       |     1 ||     1
Evoke: Wand              |       |       |     1 |       |     1 ||     2
  Use: Potion            |       |     4 |     5 |    10 |    10 ||    29
       Scroll            |       |       |       |    11 |    19 ||    30
 Stab: Sleeping          |     1 |     1 |     1 |     1 |     3 ||     7
  Eat: Chunk             |     1 |     7 |     8 |    30 |    37 ||    83
       Fruit             |       |     1 |     2 |     1 |    13 ||    17
       Royal jelly       |       |       |     1 |     2 |     1 ||     4
       Meat ration       |       |       |       |       |     2 ||     2
       Pizza             |       |       |       |       |     1 ||     1
       Beef jerky        |       |       |       |       |     1 ||     1
